 Dungeon Crawl Stone Soup version 0.21.1-1-g345015f (webtiles) character file.

78 kaesh the Skirmisher (level 4, -1/40 HPs)
             Began as a Ghoul Fighter on Mar 15, 2018.
             Slain by a shadow imp (3 damage)
             ... summoned by Natasha
             ... on level 2 of the Dungeon.
             The game lasted 00:04:16 (1649 turns).

kaesh the Skirmisher (Ghoul Fighter)                Turns: 1649, Time: 00:04:16

Health: -1/40      AC:  6    Str: 20    XL:     4   Next: 36%
Magic:  3/3        EV:  7    Int:  3    God:
Gold:   86         SH:  9    Dex:  8    Spells: 3/3 levels left

rFire    . . .     SeeInvis .   a - +0 war axe
rCold    + . .     Gourm    .   c - +0 shield
rNeg     + + +     Faith    .   b - +0 scale mail
rPois    ∞         Spirit   .   (no helmet)
rElec    .         Reflect  .   (no cloak)
rCorr    .         Harm     .   (no gloves)
MR       .....                  (no boots)
Stlth    ..........             (no amulet)
HPRegen  0.00/turn              (no ring)
MPRegen  0.08/turn              (no ring)

@: rotting
A: rotting body, claws 1, carnivore, cold resistance 1, negative energy
resistance 3, inhibited regeneration, torment resistance, unbreathing
a: no special abilities


You were on level 2 of the Dungeon.
You were not hungry.

You visited 1 branch of the dungeon, and saw 2 of its levels.

You collected 86 gold pieces.

Inventory:

Hand Weapons
 a - a +0 war axe (weapon)
Armour
 b - a +0 scale mail (worn)
 c - a +0 shield (worn)
Scrolls
 e - a scroll of enchant armour {unknown}
 h - 2 scrolls of identify {unknown}
 i - 2 scrolls of teleportation {unknown}
 m - a scroll of fog {unknown}
 n - a scroll of remove curse {unknown}
Potions
 d - a potion of might
 g - a potion of heal wounds {unknown}
 j - a potion of lignification {unknown}
 k - a potion of curing {unknown}
 l - 2 potions of resistance {unknown}
Comestibles
 f - 4 rations
 o - 3 chunks of flesh


   Skills:
 + Level 3.8 Fighting
 + Level 2.7 Axes
 + Level 3.2 Armour
 + Level 0.2 Dodging
 + Level 3.2 Shields


You had 3 spell levels left.
You didn't know any spells.

Dungeon Overview and Level Annotations

Branches:
Dungeon (2/15)

Altars:

Annotations:
D:2 Natasha


Innate Abilities, Weirdness & Mutations

Your body is rotting away.
You thrive on raw meat.
You are immune to poison.
You have sharp fingernails.
You are carnivorous and can eat meat at any time.
Your flesh is cold resistant. (rC+)
You are immune to negative energy. (rN+++)
You do not regenerate when monsters are visible.
You are immune to unholy pain and torment.
You can survive without breathing.


Message History

You barely miss Natasha. Natasha claws you.
* * * LOW HITPOINT WARNING * * *
Natasha completely misses you.
You closely miss Natasha.
The crimson imp disappears in a puff of smoke!
Natasha casts a spell at you. You resist with some effort.
You slash Natasha!
Natasha is almost dead.
Natasha claws you but does no damage.
You hit Natasha.
Natasha is almost dead.
Natasha stares at you and mumbles some strange words.
You resist with some effort.
Natasha mumbles some strange words.
You closely miss Natasha.
Natasha is almost dead.
You closely miss the shadow imp. You block Natasha's attack.
The shadow imp hits you.
You die...

#.# #.# #.# #.#
#.# #.# #.# .
########.# ...
#.†h@5...#
....###.########
.........#
.........#
#####....#
#...... ##...###
#...# ##..#


You could see Natasha and a shadow imp.

Vanquished Creatures
  Robin (D:2)
  2 adders
  A worm (D:2)
  2 dart slugs
  A giant cockroach (D:1)
  8 hobgoblins
  A jackal (D:2)
  4 kobolds
  A quokka (D:2)
  A ball python (D:2)
  3 bats (D:1)
  A frilled lizard (D:1)
  10 goblins
  3 rats
39 creatures vanquished.

Notes
Turn   | Place    | Note
-------+----------+-------------------------------------------
     0 | D:1      | kaesh the Ghoul Fighter began the quest for the Orb.
     0 | D:1      | Reached XP level 1. HP: 19/19 MP: 0/0
    76 | D:1      | Reached XP level 2. HP: 23/26 MP: 1/1
   551 | D:1      | Reached XP level 3. HP: 31/33 MP: 2/2
   567 | D:2      | Noticed Robin
  1083 | D:2      | Killed Robin
  1222 | D:2      | Reached XP level 4. HP: 35/40 MP: 3/3
  1624 | D:2      | Noticed Natasha
  1645 | D:2      | HP: 2/40 [Natasha (6)]
  1649 | D:2      | Slain by a shadow imp

Skill      XL: |  1  2  3 |
---------------+----------+-----
Armour         | 3 |  3.2
Axes           | 2 |  2.7
Shields        | 3 |  3.2
Fighting       | |  3.8
Dodging        | |  0.2

Action                   |  1- 3 |  4- 6 || total
-------------------------+-------+-------++-------
Melee: War axe           |    99 |    40 ||   139
  Eat: Chunk             |    11 |     2 ||    13
Armor: Scale mail        |    61 |    15 ||    76
Dodge: Dodged            |    39 |    19 ||    58
Block: Shield            |    66 |    23 ||    89
